[Event "Titled Tuesday Blitz April 12 Late 2022"]
[White "Molenda, Marcin"]
[Black "Indjic, Aleksandar"]
[WhiteFideId "1173065"]
[BlackFideId "911925"]
[WhiteElo "2067"]
[BlackElo "2616"]
[Result "1-0"]
[Round "06"]
[TimeControl "180+1"]
[Date "2022.04.12"]
[WhiteClock "0:00:22"]
[BlackClock "0:00:04"]

1. d4 Nf6 2. c4 c5 3. Nf3 e6 4. g3 cxd4 5. Nxd4 a6 6. Bg2 Qc7 7. O-O Qxc4 8. Nc3 Nc6 9. Nb3 Qg4 10. h3 Qg6 11. e4 Be7 12. f4 d5 13. f5 Qxg3 14. Bf4 Qh4 15. exd5 exd5 16. Nxd5 Nxd5 17. Qxd5 O-O 18. Rae1 Bg5 19. Bd6 Rd8 20. Re4 Qh6 21. Bc7 Be6 22. Bxd8 Be3+ 23. Kh1 Rxd8 24. fxe6 fxe6 25. Qxe6+ Qxe6 26. Rxe6 Bg5 27. Bxc6 bxc6 28. Rxc6 Bf6 29. Nc5 Bxb2 30. Ne6 Re8 31. Rxa6 h6 32. Rf8+ Rxf8 33. Nxf8 Kxf8 34. a4 Ke7 35. a5 Bd4 36. Rc6 Kd7 37. Rc4 Be3 38. a6 Kd6 39. Kg2 Bb6 40. Kf3 g6 41. Ke4 Ba7 42. Kd3 Kd7 43. Kc3 Kd6 44. Kb4 g5 45. Kb5 h5 46. Rc6+ Kd5 47. Rh6 h4 48. Rg6 Be3 49. Rg7 Ke4 50. Re7+ Kf4 51. Rxe3 g4 52. a7 Kxe3 53. hxg4 Kf4 54. a8=Q Kg3 55. Qh1 Kxg4 56. Kc4 Kg3 57. Kd3 h3 58. Ke2 h2 59. Kf1 1-0


[Site "https://www.chess.com"]

[Event "Titled Tuesday Blitz April 12 Late 2022"]
[White "Moroni, Luca Jr"]
[Black "Matlakov, Maxim"]
[WhiteFideId "865834"]
[BlackFideId "4168003"]
[WhiteElo "2573"]
[BlackElo "2669"]
[Result "0-1"]
[Round "06"]
[TimeControl "180+1"]
[Date "2022.04.12"]
[WhiteClock "0:00:04"]
[BlackClock "0:00:28"]

1. d4 d5 2. Bf4 Bf5 3. e3 e6 4. Bd3 Bg6 5. Nf3 Nf6 6. O-O Nbd7 7. c4 c6 8. Nc3 Bb4 9. Bxg6 hxg6 10. Qb3 Qa5 11. Ne2 dxc4 12. Qxc4 O-O 13. h3 Be7 14. a3 Rac8 15. b4 Qd5 16. Qc2 Qf5 17. Qxf5 gxf5 18. Rfc1 Nd5 19. Ne5 Nxf4 20. exf4 Nb6 21. g4 Rfd8 22. Kg2 g6 23. f3 Nd5 24. Kg3 Kg7 25. h4 Rh8 26. Rh1 Rcd8 27. g5 f6 28. Nd3 Kf7 29. Rab1 Bd6 30. a4 Rh7 31. b5 cxb5 32. axb5 Rdh8 33. gxf6 Kxf6 34. Ne5 Rc8 35. Rbc1 Rxc1 36. Rxc1 Rc7 37. Rg1 Rc2 38. Rg2 Ne3 39. Rf2 Rb2 40. Nc3 Rb3 41. Na4 Rxb5 42. Re2 Nd5 43. Nc5 Bxc5 44. dxc5 a5 45. Ra2 Nc3 46. Rc2 Rb3 47. Rd2 Nd5 48. Ra2 Nxf4 49. Nd7+ Ke7 50. Kxf4 Kxd7 51. Rxa5 Kc6 52. Kg5 Rxf3 53. Kxg6 e5 54. h5 f4 55. Kf5 Rh3 56. Kxe5 Rxh5+ 57. Kxf4 Rxc5 58. Ra8 Rd5 59. Ke4 Rd1 60. Rc8+ Kb5 61. Rc2 b6 62. Rb2+ Kc5 63. Rc2+ Kd6 64. Rc3 Rh1 65. Kd3 Rh3+ 0-1


[Site "https://www.chess.com"]

[Event "Titled Tuesday Blitz April 12 Late 2022"]
[White "Mortazavi, Ali"]
[Black "Shuvalova, Polina"]
[WhiteFideId "401323"]
[BlackFideId "24171760"]
[WhiteElo "2339"]
[BlackElo "2355"]
[Result "0-1"]
[Round "06"]
[TimeControl "180+1"]
[Date "2022.04.12"]
[WhiteClock "0:00:04"]
[BlackClock "0:00:19"]

1. Nf3 Nf6 2. g3 d5 3. Bg2 e6 4. O-O Be7 5. d3 O-O 6. Nbd2 a5 7. a4 Nc6 8. e4 dxe4 9. dxe4 e5 10. c3 Be6 11. Qe2 Nd7 12. Nc4 Bc5 13. Rd1 Qe7 14. Nh4 g6 15. Bh6 Rfd8 16. Ne3 Nb6 17. Nd5 Bxd5 18. exd5 Na7 19. Re1 Re8 20. Rad1 Rad8 21. b3 Nac8 22. Qg4 f6 23. Nf5 Qd7 24. Bh3 Nd6 25. Nxd6 Qxg4 26. Bxg4 Bxd6 27. Be6+ Kh8 28. h4 Nd7 29. Be3 Nf8 30. Bh3 Kg7 31. c4 Bb4 32. Re2 b6 33. Rc1 Bc5 34. Bd2 h5 35. Kg2 f5 36. Bc3 Nd7 37. Rce1 Kf7 38. Bxe5 Bb4 39. f4 Bxe1 40. Rxe1 Nc5 41. Kf3 Nxb3 42. Bf1 Nd2+ 43. Kg2 Re7 44. Bd3 Nb3 45. Rb1 Nc5 46. Bc2 Rde8 47. Re1 Rc8 48. Kf2 c6 49. d6 Rd7 50. Rd1 Rcd8 51. Kf3 Nb7 52. Rb1 Nxd6 53. Rxb6 Rc8 54. c5 Ne4 55. Bb3+ Ke7 56. Ke3 Nxc5 57. Bc4 Nxa4 58. Ra6 Nc5 59. Rxa5 Ne4 60. Bb2 c5 61. Ra6 Nd6 62. Bd5 Rb8 63. Be5 Rb1 64. Rc6 Rd1 65. Bf3 Nc4+ 66. Ke2 R7d2# 0-1


[Site "https://www.chess.com"]

[Event "Titled Tuesday Blitz April 12 Late 2022"]
[White "Najer, Evgeniy"]
[Black "Minko, Dmitry"]
[WhiteFideId "4118987"]
[BlackFideId "24188468"]
[WhiteElo "2663"]
[BlackElo "2456"]
[Result "1-0"]
[Round "06"]
[TimeControl "180+1"]
[Date "2022.04.13"]
[WhiteClock "0:00:14"]
[BlackClock "0:00:01"]

1. d4 d5 2. c4 e6 3. Nc3 Be7 4. cxd5 exd5 5. Bf4 c6 6. Qc2 Nf6 7. e3 O-O 8. Bd3 Bg4 9. Nge2 Bh5 10. Ng3 Bg6 11. Nf5 Re8 12. O-O Na6 13. a3 Nc7 14. h3 Ne6 15. Be5 Bf8 16. Rfc1 a6 17. b4 Nd7 18. Bg3 Nb6 19. Na4 Nc4 20. Nc5 b5 21. a4 Ng5 22. Bf4 Ne4 23. Bxe4 dxe4 24. Ng3 Qd5 25. Ne2 Qd8 26. Nc3 Bxc5 27. bxc5 Qd7 28. Ra2 f6 29. Rca1 b4 30. Ne2 Bf7 31. a5 b3 32. Qxb3 Nxa5 33. Qa4 Nc4 34. Rb1 a5 35. Raa1 1-0


[Site "https://www.chess.com"]

[Event "Titled Tuesday Blitz April 12 Late 2022"]
[White "Nakamura, Hikaru"]
[Black "Lashkin, Jegor"]
[WhiteFideId "2016192"]
[BlackFideId "13907808"]
[WhiteElo "2850"]
[BlackElo "2368"]
[Result "1-0"]
[Round "06"]
[TimeControl "180+1"]
[Date "2022.04.12"]
[WhiteClock "0:01:55"]
[BlackClock "0:00:05"]

1. Nf3 d5 2. b3 Nf6 3. Bb2 c5 4. e3 g6 5. Bxf6 exf6 6. c3 f5 7. d4 Qc7 8. dxc5 Qxc5 9. g3 Bg7 10. Qd2 O-O 11. Bg2 Nc6 12. O-O Rd8 13. Nd4 Ne5 14. a4 Bd7 15. Rc1 Rac8 16. Qe2 Be8 17. Nd2 Bf6 18. Rc2 Qe7 19. Qd1 a6 20. N2f3 Nc6 21. Ne2 Kg7 22. Nfd4 Ne5 23. Nf4 Bc6 24. Rd2 Kg8 25. Qc2 Qc5 26. Rad1 Rd7 27. b4 Qb6 28. b5 axb5 29. axb5 Bxb5 30. Nxd5 Rxd5 31. Bxd5 Bc4 32. Bg2 Qc7 33. Qb1 b6 34. Nb5 Bxb5 35. Qxb5 Qxc3 36. Rd6 Nc4 37. Rc6 Rxc6 38. Qxc6 Nb2 39. Rd8+ Kg7 40. Qxc3 Bxc3 41. Bd5 Nd3 42. Rd7 Ne5 43. Rb7 Kh6 44. h3 b5 45. Rxb5 Kg7 46. Rb7 h5 47. f4 Nd3 48. Bxf7 Nc5 49. Rc7 Bb4 50. Bc4+ Kf6 51. Rf7# 1-0


[Site "https://www.chess.com"]

[Event "Titled Tuesday Blitz April 12 Late 2022"]
[White "Naroditsky, Daniel"]
[Black "Pranav, V"]
[WhiteFideId "2026961"]
[BlackFideId "25060783"]
[WhiteElo "2608"]
[BlackElo "2349"]
[Result "1-0"]
[Round "06"]
[TimeControl "180+1"]
[Date "2022.04.12"]
[WhiteClock "0:01:05"]
[BlackClock "0:00:25"]

1. d4 Nf6 2. Nc3 d5 3. Bf4 c5 4. e3 cxd4 5. exd4 a6 6. Nf3 Bg4 7. h3 Bxf3 8. Qxf3 Nc6 9. O-O-O e6 10. g4 Qa5 11. Kb1 Rc8 12. g5 Nd7 13. h4 Bb4 14. Ne2 Be7 15. Nc1 b5 16. h5 Rf8 17. g6 fxg6 18. hxg6 h6 19. Qe3 Rf6 20. Bh3 Nf8 21. Nb3 Qb6 22. Nc5 Nxd4 23. Nb3 Rxf4 24. Qxf4 Nxb3 25. Qf7+ 1-0


[Site "https://www.chess.com"]

[Event "Titled Tuesday Blitz April 12 Late 2022"]
[White "Novikova, Galina"]
[Black "Maranhao,Jose Renato Ruiz"]
[WhiteFideId "4157095"]
[BlackFideId "2135175"]
[WhiteElo "1863"]
[BlackElo "1970"]
[Result "0-1"]
[Round "06"]
[TimeControl "180+1"]
[Date "2022.04.13"]
[WhiteClock "0:02:04"]
[BlackClock "0:00:03"]

1. e4 c6 2. d4 d5 3. exd5 cxd5 4. c4 Nf6 5. Nc3 Nc6 6. Bg5 Ne4 7. Nxe4 dxe4 8. d5 Ne5 9. Qd4 f6 10. Bd2 Bf5 11. O-O-O b5 12. c5 a6 13. Nh3 Rc8 14. b4 g6 15. Nf4 Bg7 16. h3 O-O 17. g4 Bd7 18. Kb1 f5 19. Qe3 fxg4 20. Qxe4 Bf5 21. Qxf5 Rxf5 22. hxg4 Rxf4 23. Bxf4 Nxg4 24. Bh3 Nxf2 25. Bxc8 Qxc8 26. d6 Nxh1 27. dxe7 Kf7 28. Rd8 Qf5+ 29. Kc1 Qxf4+ 30. Kd1 Kxe7 31. Ra8 Bh6 32. Ra7+ Ke6 33. Rxh7 Kd5 34. Rd7+ Kc4 35. c6 Qf1+ 36. Kc2 Qe2+ 37. Kb1 Qe4+ 38. Kb2 Qxc6 39. Rd1 Nf2 40. Rc1+ Kd5 41. Rg1 Nd3+ 42. Kb1 Qc3 43. Rxg6 Qb2# 0-1


[Site "https://www.chess.com"]

[Event "Titled Tuesday Blitz April 12 Late 2022"]
[White "Olcayoz, Alper"]
[Black "Lin, Dachey"]
[WhiteFideId "6300405"]
[BlackFideId "2029650"]
[WhiteElo "2403"]
[BlackElo "2652"]
[Result "0-1"]
[Round "06"]
[TimeControl "180+1"]
[Date "2022.04.13"]
[WhiteClock "0:01:35"]
[BlackClock "0:02:14"]

1. d4 g6 2. e4 Bg7 3. Nc3 d5 4. exd5 Nf6 5. Bb5+ Nbd7 6. Nge2 O-O 7. O-O a6 8. Bxd7 Qxd7 9. Bg5 Nxd5 10. Nxd5 Qxd5 11. Bxe7 Re8 12. Bb4 Qc4 0-1


[Site "https://www.chess.com"]

[Event "Titled Tuesday Blitz April 12 Late 2022"]
[White "Ozdemir, Serhan Berat"]
[Black "Karttunen, Mika"]
[WhiteFideId "6374611"]
[BlackFideId "502081"]
[WhiteElo "1920"]
[BlackElo "2343"]
[Result "0-1"]
[Round "06"]
[TimeControl "180+1"]
[Date "2022.04.13"]
[WhiteClock "0:01:23"]
[BlackClock "0:00:29"]

1. e4 c5 2. Nf3 Nc6 3. Bb5 g6 4. Bxc6 dxc6 5. O-O Bg7 6. h3 e5 7. d3 Ne7 8. a3 O-O 9. b4 cxb4 10. axb4 b6 11. Nbd2 Be6 12. Bb2 Qc7 13. Ra3 h6 14. Qa1 f6 15. d4 exd4 16. Nxd4 Bf7 17. Re1 c5 18. bxc5 bxc5 19. Nb5 Qd7 20. Bxf6 Bxf6 21. Qxf6 Qxd2 22. Rae3 Bc4 23. Qxe7 Qxf2+ 24. Kh1 Bxb5 25. Qxc5 Bf1 26. Qd5+ Kh8 27. Qd4+ Rf6 28. Rg3 Qxd4 0-1


[Site "https://www.chess.com"]

[Event "Titled Tuesday Blitz April 12 Late 2022"]
[White "Pakleza, Zbigniew"]
[Black "Djokic, Mihailo"]
[WhiteFideId "1119290"]
[BlackFideId "976440"]
[WhiteElo "2467"]
[BlackElo "2202"]
[Result "1-0"]
[Round "06"]
[TimeControl "180+1"]
[Date "2022.04.12"]
[WhiteClock "0:00:08"]
[BlackClock "0:00:02"]

1. Nf3 Nf6 2. c4 g6 3. b4 Bg7 4. Bb2 O-O 5. e3 d6 6. Be2 a5 7. b5 b6 8. O-O Bb7 9. Nc3 Nbd7 10. d4 e5 11. Re1 Re8 12. Rc1 exd4 13. Nxd4 Nc5 14. Bf3 Bxf3 15. Nxf3 Nfe4 16. Qc2 Nxc3 17. Bxc3 Bxc3 18. Qxc3 Ne4 19. Qc2 Qf6 20. Nd4 a4 21. a3 h5 22. Nc6 h4 23. f3 Nc5 24. Nb4 Nb3 25. Nd5 Qd8 26. Rcd1 Re5 27. Qc3 Kh7 28. f4 Re6 29. e4 Nc5 30. e5 Rc8 31. Qh3 dxe5 32. fxe5 Qg5 33. Rd4 Kg7 34. Rxh4 Rg8 35. Rh7+ Kf8 36. Rf1 Rg7 37. Rh8+ Rg8 38. Rxg8+ Kxg8 39. Nf6+ Rxf6 40. exf6 Ne6 41. Qd3 Nf4 42. Qf3 Ne6 43. Qd5 Qe3+ 44. Kh1 Qe2 45. Rg1 Kh7 46. Qd7 Kg8 47. Qe8+ 1-0


[Site "https://www.chess.com"]

[Event "Titled Tuesday Blitz April 12 Late 2022"]
[White "Papasimakopoulos, Alexandros"]
[Black "Shapiro, David"]
[WhiteFideId "4244125"]
[BlackFideId "24133523"]
[WhiteElo "2340"]
[BlackElo "2320"]
[Result "1-0"]
[Round "06"]
[TimeControl "180+1"]
[Date "2022.04.12"]
[WhiteClock "0:02:30"]
[BlackClock "0:02:26"]

1. d4 d5 2. c4 c6 3. cxd5 cxd5 4. Bf4 Nc6 5. Nc3 Nf6 6. e3 a6 7. Bd3 Bg4 8. Nge2 e6 9. O-O Bd6 10. f3 Bh5 11. Rc1 O-O 12. Na4 Rc8 13. Nc5 Qe7 14. Bxd6 Qxd6 15. Nxb7 Qb4 16. Nc5 Qxb2 17. Bxa6 Ra8 18. Na4 1-0


[Site "https://www.chess.com"]

[Event "Titled Tuesday Blitz April 12 Late 2022"]
[White "Papp, Levente"]
[Black "Gracia Alvarez, Gerardo Antonio"]
[WhiteFideId "751243"]
[BlackFideId "5109124"]
[WhiteElo "2308"]
[BlackElo "2139"]
[Result "1-0"]
[Round "06"]
[TimeControl "180+1"]
[Date "2022.04.13"]
[WhiteClock "0:00:12"]
[BlackClock "0:00:04"]

1. c4 c5 2. g3 Nc6 3. Bg2 g6 4. Nc3 Bg7 5. e4 a6 6. Nge2 b5 7. d3 Rb8 8. O-O d6 9. Rb1 e6 10. a3 Nge7 11. cxb5 axb5 12. b4 cxb4 13. axb4 O-O 14. d4 d5 15. e5 Qb6 16. Qd3 Bd7 17. Be3 Ra8 18. Rfe1 Rfb8 19. Qc2 Rc8 20. Qb2 Nf5 21. Red1 f6 22. exf6 Bxf6 23. Qd2 Kh8 24. Bg5 Bg7 25. Be3 Ra3 26. Qd3 Nd6 27. Qc2 Nc4 28. Nc1 Ra7 29. Nb3 Na3 30. Qe2 Nxb1 31. Rxb1 Rca8 32. Nc5 Ra1 33. Nxd7 Rxb1+ 34. Nxb1 Qc7 35. Nc5 Nxb4 36. Bf1 Ra1 37. Qb2 Ra8 38. Qxb4 e5 39. Ne6 Qd7 40. Nxg7 Qxg7 41. dxe5 1-0


[Site "https://www.chess.com"]

[Event "Titled Tuesday Blitz April 12 Late 2022"]
[White "Petrovic, Aleksa"]
[Black "Ward, Ieuan C"]
[WhiteFideId "967629"]
[BlackFideId "406627"]
[WhiteElo "2198"]
[BlackElo "2282"]
[Result "0-1"]
[Round "06"]
[TimeControl "180+1"]
[Date "2022.04.13"]
[WhiteClock "0:00:09"]
[BlackClock "0:00:07"]

1. c4 Nf6 2. Nc3 e6 3. d4 d5 4. Nf3 Be7 5. e3 O-O 6. Bd2 b6 7. Rc1 Bb7 8. cxd5 Nxd5 9. Bd3 Nd7 10. Nxd5 exd5 11. Qc2 c5 12. Bxh7+ Kh8 13. Bf5 cxd4 14. Nxd4 Rc8 15. Bc3 Bb4 16. Qd2 Bxc3 17. Rxc3 Rxc3 18. Qxc3 Nc5 19. O-O Qg5 20. f4 Qf6 21. Rf3 g6 22. Rh3+ Kg7 23. Bc2 Bc8 24. Rg3 Ne4 25. Bxe4 dxe4 26. f5 Rh8 27. fxg6 fxg6 28. Qc7+ Qf7 29. Qe5+ Qf6 30. Qc7+ Qf7 31. Qxf7+ Kxf7 32. Rg5 Re8 33. Rd5 Kf6 34. Rd6+ Kg5 35. h3 Ba6 36. Kh2 Rc8 37. Kg3 Rc1 38. h4+ Kh6 39. Nf5+ Kh7 40. Rd7+ Kg8 41. Nh6+ Kf8 42. Kf4 Rf1+ 43. Ke5 Bc4 44. Rxa7 Rb1 45. b3 Bd3 46. Ke6 Rc1 47. Rf7+ Ke8 48. Re7+ Kd8 49. Nf7+ Kc8 50. Nd6+ Kb8 51. Rb7+ Ka8 52. Rxb6 Rc5 53. Rb4 Rh5 54. Ra4+ Kb8 55. Rb4+ Ka8 56. g3 Rh8 57. Kd7 Rh7+ 58. Kc6 Rh8 59. Ra4+ Kb8 60. Rb4+ Ka8 61. Kc7 Rh7+ 62. Kb6 Kb8 63. Rd4 Rd7 64. Nc4 Rxd4 65. exd4 Bxc4 66. bxc4 e3 67. c5 e2 68. c6 e1=Q 69. c7+ Kc8 70. d5 Qb4+ 71. Kc6 Qa4+ 72. Kd6 Qa6+ 73. Ke5 Kxc7 74. g4 Qd6+ 75. Ke4 Qg3 76. g5 Qxh4+ 77. Ke5 Qxg5+ 78. Ke6 Qg4+ 79. Ke7 Qf4 80. a4 Qd6+ 81. Kf7 g5 82. a5 g4 83. a6 Qxa6 84. d6+ Qxd6 85. Kg7 g3 86. Kf7 g2 87. Ke8 Qd7+ 88. Kf8 Kd6 89. Kg8 Ke6 90. Kh8 Kf6 91. Kg8 Qg7# 0-1


[Site "https://www.chess.com"]

[Event "Titled Tuesday Blitz April 12 Late 2022"]
[White "Petrovskyi, Vadym"]
[Black "Zhigalko, Sergei"]
[WhiteFideId "14165210"]
[BlackFideId "13502956"]
[WhiteElo "2400"]
[BlackElo "2662"]
[Result "1/2-1/2"]
[Round "06"]
[TimeControl "180+1"]
[Date "2022.04.12"]
[WhiteClock "0:00:14"]
[BlackClock "0:00:11"]

1. e4 c5 2. Nf3 Nc6 3. Bb5 Nf6 4. Bxc6 dxc6 5. d3 Bg4 6. h3 Bh5 7. Nbd2 Nd7 8. g4 Bg6 9. Nc4 Qc7 10. a4 b5 11. Ne3 e6 12. b3 Bd6 13. Bb2 f6 14. axb5 cxb5 15. Qd2 O-O 16. O-O a6 17. Nh4 Bf7 18. Nhg2 Rfd8 19. f4 e5 20. Nf5 c4 21. bxc4 bxc4 22. dxc4 Bc5+ 23. Kh1 Bxc4 24. Rfd1 Be6 25. Ba3 Bxa3 26. Rxa3 Nc5 27. Qe1 Rxd1 28. Qxd1 Nxe4 29. Qe2 Bxf5 30. gxf5 Qc6 31. fxe5 fxe5 32. Re3 Nf6 33. Rxe5 Rc8 34. Re6 Qxc2 35. Qe5 Rd8 36. Re7 Qd1+ 37. Kh2 Qd6 38. Nf4 Qxe5 39. Rxe5 Ra8 40. Ra5 Ne4 41. Ne6 Nd6 42. Nc7 Ra7 43. Nxa6 Nxf5 44. Rxf5 Rxa6 45. Kg3 Rf6 46. Rb5 Rg6+ 47. Kf4 h6 48. h4 Kh7 49. h5 Rg1 50. Ra5 Kg8 51. Rb5 Kf7 52. Rb7+ Ke6 53. Rb6+ Kd5 54. Rb5+ Kc4 55. Ra5 Kd4 56. Ra4+ Kd3 57. Ra5 Rf1+ 58. Kg4 Ke4 59. Ra7 Ke5 60. Ra5+ Ke6 61. Ra6+ Ke7 62. Ra7+ Kf6 63. Ra6+ Kf7 64. Ra7+ Kg8 65. Kh4 Rf8 66. Rb7 Rf7 67. Rb8+ Kh7 68. Rb6 Rf4+ 69. Kg3 Rf5 70. Kg4 Rg5+ 71. Kh4 Kg8 72. Rb7 Kf8 73. Ra7 Re5 74. Rb7 Re4+ 75. Kg3 Re7 76. Rb6 Kf7 77. Kg4 Re4+ 78. Kg3 Re6 79. Rb5 Kf6 80. Kf4 Rc6 81. Rb4 Ke6 82. Ra4 Rd6 83. Kg4 Ke5 84. Ra7 Rd4+ 85. Kg3 Kf6 86. Ra6+ Kf5 87. Ra5+ Ke6 88. Ra7 Rd7 89. Ra6+ Rd6 90. Ra5 Kf6 91. Kg4 Rd4+ 92. Kg3 Rc4 93. Rb5 Rd4 94. Ra5 Re4 95. Ra6+ Re6 96. Ra5 Re5 97. Ra6+ Kg5 98. Rg6+ Kxh5 99. Rxg7 Rg5+ 100. Rxg5+ hxg5 101. Kh3 g4+ 102. Kg3 Kg5 103. Kg2 Kf4 104. Kf2 g3+ 105. Kg2 Kg4 106. Kg1 Kh4 107. Kg2 Kg4 108. Kg1 Kh3 109. Kh1 g2+ 110. Kg1 Kg3 1/2-1/2


[Site "https://www.chess.com"]

[Event "Titled Tuesday Blitz April 12 Late 2022"]
[White "Plazuelo Pascual, Juan"]
[Black "Aldokhin, Ivan"]
[WhiteFideId "32059566"]
[BlackFideId "24115720"]
[WhiteElo "2561"]
[BlackElo "2702"]
[Result "1-0"]
[Round "06"]
[TimeControl "180+1"]
[Date "2022.04.13"]
[WhiteClock "0:00:27"]
[BlackClock "0:00:08"]

1. d4 Nf6 2. c4 g6 3. Nc3 Bg7 4. e4 d6 5. f3 O-O 6. Be3 c5 7. dxc5 dxc5 8. Qxd8 Rxd8 9. Bxc5 Nc6 10. Be3 Nd7 11. O-O-O b6 12. Nge2 Ba6 13. Nd4 Nde5 14. Ndb5 Rxd1+ 15. Kxd1 Rd8+ 16. Kc1 Nb4 17. Be2 Nbd3+ 18. Bxd3 Rxd3 19. Bd4 Bxb5 20. Nxb5 a6 21. Bxe5 Bxe5 22. Na3 Bf4+ 23. Kb1 Rd2 24. g3 Be5 25. Nc2 h5 26. f4 Bd6 27. Kc1 Rg2 28. b4 a5 29. a3 f6 30. c5 bxc5 31. bxa5 c4 32. a6 Bc5 33. Rd1 c3 34. Kb1 Kf7 35. Rd7 Ke6 36. a7 Bxa7 37. Rxa7 Rxh2 38. Rc7 g5 39. fxg5 fxg5 40. Rxc3 Ke5 41. Rc5+ Kf6 42. a4 h4 43. gxh4 gxh4 44. a5 h3 45. Rh5 Kg6 46. Rh8 Kg7 47. Rh4 Re2 48. Rxh3 Rxe4 49. Ra3 Rh4 50. a6 Rh8 51. a7 Ra8 52. Ne3 Kf6 53. Nc4 Ke6 54. Nb6 Rxa7 55. Rxa7 Kd6 56. Nc8+ 1-0


[Site "https://www.chess.com"]

[Event "Titled Tuesday Blitz April 12 Late 2022"]
[White "Prado, Alexandra"]
[Black "Pourkashiyan, Atousa"]
[WhiteFideId "3301346"]
[BlackFideId "12502014"]
[WhiteElo "1678"]
[BlackElo "2247"]
[Result "0-1"]
[Round "06"]
[TimeControl "180+1"]
[Date "2022.04.13"]
[WhiteClock "0:00:01"]
[BlackClock "0:00:10"]

1. e4 c5 2. Nf3 e6 3. c3 Nf6 4. e5 Nd5 5. d4 cxd4 6. cxd4 d6 7. Be2 Nc6 8. O-O Be7 9. exd6 Qxd6 10. Nc3 Nxc3 11. bxc3 O-O 12. Bd3 b6 13. Qe2 Bb7 14. Qe4 f5 15. Qe2 Bf6 16. Bc4 Rfe8 17. Re1 Kf7 18. a4 Na5 19. Ba3 Qd7 20. Bb5 Bc6 21. Ne5+ Bxe5 22. Qxe5 Bxb5 23. axb5 Nc4 24. Qf4 Qxb5 25. Qh4 Kg8 26. Bb4 a5 27. Be7 Qd7 28. Bg5 a4 29. Re2 a3 30. Rea2 b5 31. Bf4 Qd5 32. Qg3 Rac8 33. Bh6 Qd7 34. Bf4 Rcd8 35. h4 Kh8 36. h5 h6 37. Bc1 Qf7 38. Bxa3 Qxh5 39. Bc5 Rd7 40. Ra7 Rxa7 41. Rxa7 Qg5 42. Qc7 f4 43. Bd6 f3 44. g3 Nd2 45. Be5 Rg8 46. Bf4 Qg6 47. Be5 Ne4 48. d5 exd5 0-1


[Site "https://www.chess.com"]

[Event "Titled Tuesday Blitz April 12 Late 2022"]
[White "Prohorov, Olexandr"]
[Black "Yedidia, Daniel"]
[WhiteFideId "14105578"]
[BlackFideId "30905907"]
[WhiteElo "1993"]
[BlackElo "2597"]
[Result "0-1"]
[Round "06"]
[TimeControl "180+1"]
[Date "2022.04.13"]
[WhiteClock "0:00:03"]
[BlackClock "0:00:31"]

1. Nf3 Nf6 2. c4 g6 3. Nc3 Bg7 4. d4 d5 5. cxd5 Nxd5 6. Na4 O-O 7. e4 Nb6 8. Be3 Bg4 9. Be2 Nc6 10. d5 Ne5 11. Nc5 Nxf3+ 12. gxf3 Bc8 13. Qd2 Nd7 14. h4 h5 15. Nd3 c6 16. dxc6 bxc6 17. Rc1 Qc7 18. Bf4 Qb7 19. b3 a5 20. O-O a4 21. b4 a3 22. Bh6 Rd8 23. Bxg7 Kxg7 24. Nc5 Qc7 25. Rfd1 Ra7 26. Nb3 e5 27. Qd6 Qxd6 28. Rxd6 Re8 29. Rdxc6 Ra8 30. Kg2 Nf8 31. b5 Ne6 32. b6 Bb7 33. Rd6 Re7 34. Bb5 Nf4+ 35. Kg3 Ba6 36. Bxa6 Rxa6 37. Rc7 Rxb6 38. Rxe7 Rxd6 39. Ra7 Rd1 40. Rxa3 Rh1 0-1


[Site "https://www.chess.com"]

[Event "Titled Tuesday Blitz April 12 Late 2022"]
[White "Quintiliano Pinto, Renato R."]
[Black "Quesada Perez, Yuniesky"]
[WhiteFideId "2117568"]
[BlackFideId "3504409"]
[WhiteElo "2439"]
[BlackElo "2622"]
[Result "0-1"]
[Round "06"]
[TimeControl "180+1"]
[Date "2022.04.12"]
[WhiteClock "0:00:08"]
[BlackClock "0:00:19"]

1. Nf3 d5 2. d4 Nf6 3. c4 c6 4. e3 e6 5. Nbd2 Nbd7 6. b3 b6 7. Bb2 Bb7 8. Bd3 Be7 9. O-O O-O 10. Re1 dxc4 11. Nxc4 c5 12. Rc1 Rc8 13. Qe2 cxd4 14. Bxd4 Nc5 15. Bb1 Qd5 16. Be5 Nce4 17. Red1 Qc5 18. Qb2 Qb5 19. Nd4 Qa6 20. a4 Bd5 21. Nb5 Bxc4 22. bxc4 Qxa4 23. Bxe4 Nxe4 24. Bxg7 Rfd8 25. Rxd8+ Rxd8 26. Bd4 e5 27. Qb1 Nd2 28. Qa1 Qxa1 29. Bxa1 a6 30. Nc7 Nxc4 31. Nxa6 b5 32. g3 Bd6 33. Bc3 Ra8 34. Nb4 f6 35. Nd5 Kf7 36. Rb1 Rb8 37. Bb4 Ke6 38. e4 Bxb4 39. Nxb4 Nd2 40. Ra1 Nxe4 41. Ra6+ Nd6 42. Kg2 Rc8 43. Rb6 Rc7 44. Na6 Rc4 45. h3 h5 46. Kg1 e4 47. Kg2 Ke5 0-1


[Site "https://www.chess.com"]

[Event "Titled Tuesday Blitz April 12 Late 2022"]
[White "Rasulov, Vugar"]
[Black "Lewtak, Damian"]
[WhiteFideId "13402390"]
[BlackFideId "1141724"]
[WhiteElo "2560"]
[BlackElo "2362"]
[Result "1-0"]
[Round "06"]
[TimeControl "180+1"]
[Date "2022.04.12"]
[WhiteClock "0:02:54"]
[BlackClock "0:02:13"]

1. d4 g6 2. e4 Bg7 3. Nf3 b6 4. Bc4 e6 5. O-O Ne7 6. Re1 Bb7 7. c3 O-O 8. Bb3 a5 9. Nbd2 h6 10. Nf1 d6 11. Ng3 Nd7 12. h4 d5 13. h5 g5 14. Nxg5 hxg5 15. Bxg5 f6 16. Bd2 Kf7 17. h6 Bh8 18. Qh5+ Ng6 19. exd5 Bxd5 20. Bxd5 1-0


[Site "https://www.chess.com"]

[Event "Titled Tuesday Blitz April 12 Late 2022"]
[White "Renjith, Sravan"]
[Black "Baches Garcia, Guillermo"]
[WhiteFideId "4306783"]
[BlackFideId "2209764"]
[WhiteElo "1863"]
[BlackElo "2509"]
[Result "1-0"]
[Round "06"]
[TimeControl "180+1"]
[Date "2022.04.13"]
[WhiteClock "0:02:32"]
[BlackClock "0:00:05"]

1. d4 Nf6 2. Nf3 e6 3. c4 d5 4. cxd5 Nxd5 5. Nc3 c5 6. e4 Nxc3 7. bxc3 cxd4 8. cxd4 Bb4+ 9. Bd2 Bxd2+ 10. Qxd2 O-O 11. Bd3 Nc6 12. e5 h6 13. O-O Qe7 14. Rfe1 Rd8 15. Rad1 Bd7 16. Qf4 Rac8 17. Qe4 g6 18. h4 Kg7 19. h5 Be8 20. g4 Nb4 21. Bb1 Nd5 22. hxg6 fxg6 23. Rc1 Nc3 24. Qd3 Nxb1 25. Rxb1 1-0


[Site "https://www.chess.com"]

[Event "Titled Tuesday Blitz April 12 Late 2022"]
[White "Reprintsev, Alexander"]
[Black "Hoffmann, Asa"]
[WhiteFideId "14100541"]
[BlackFideId "2001470"]
[WhiteElo "2108"]
[BlackElo "2117"]
[Result "0-1"]
[Round "06"]
[TimeControl "180+1"]
[Date "2022.04.13"]
[WhiteClock "0:00:12"]
[BlackClock "0:01:05"]

1. e4 d6 2. d4 Nf6 3. Nc3 c6 4. f4 Qa5 5. Qd2 b5 6. a3 b4 7. Nd1 Nxe4 8. Qe3 d5 9. Bd3 f5 10. Bxe4 fxe4 11. Bd2 e6 12. Nh3 Be7 13. O-O O-O 14. Ndf2 Qb6 15. axb4 Bxb4 16. Bxb4 Qxb4 17. Ng4 Nd7 18. Ng5 Qe7 19. Ne5 Nxe5 20. dxe5 c5 21. c3 h6 22. Nh3 Bd7 23. Ra5 Rfc8 24. Rfa1 Be8 25. Nf2 Bg6 26. g4 Rc7 27. Qh3 Rf8 28. Qg3 d4 29. cxd4 cxd4 30. f5 exf5 31. Ra6 f4 32. Qg2 f3 33. Qg3 Bh7 34. e6 e3 35. Nd1 f2+ 36. Kg2 f1=Q# 0-1


[Site "https://www.chess.com"]

[Event "Titled Tuesday Blitz April 12 Late 2022"]
[White "Romanchuk, Viktor"]
[Black "Grave, Jacob Templen"]
[WhiteFideId "14109271"]
[BlackFideId "1542656"]
[WhiteElo "2242"]
[BlackElo "1737"]
[Result "1-0"]
[Round "06"]
[TimeControl "180+1"]
[Date "2022.04.13"]
[WhiteClock "0:00:23"]
[BlackClock "0:00:01"]

1. d4 Nf6 2. c4 e6 3. Nc3 Bb4 4. e3 b6 5. Ne2 c5 6. a3 Ba5 7. Rb1 Na6 8. g3 Bb7 9. d5 exd5 10. Bg2 O-O 11. O-O Bxc3 12. Nxc3 Nc7 13. cxd5 d6 14. b4 Rb8 15. e4 Re8 16. h3 a6 17. bxc5 bxc5 18. Rb6 Nb5 19. Na4 Nc3 20. Qb3 Nxa4 21. Rxb7 Rxb7 22. Qxb7 Nxe4 23. Qxa6 Nac3 24. Re1 h6 25. Qc4 Nxg3 26. Qxc3 Ne2+ 27. Rxe2 Rxe2 28. Bf4 Qe7 29. Bf3 Ra2 30. Kg2 Qc7 31. Qb3 Ra1 32. a4 c4 33. Qc2 c3 34. h4 Qc4 35. Bxd6 Qxh4 36. Qxc3 Qh1+ 37. Kg3 Rg1+ 38. Kf4 Qh4+ 39. Ke3 Qg5+ 40. Bf4 Qe7+ 41. Kd3 Re1 42. Be3 Qa7 43. Bxa7 1-0


[Site "https://www.chess.com"]